AoeStats
← termineitor548

Arabia

504143186Analyzed
2v2 RM · 27d ago on Sep 4, 2026· 38m 26s· 4 players
Game mode
Random Map
Map size
Medium (4 player)
Population
200
Speed
Normal
Resources
Standard
Victory
Conquest
Starting age
Dark Age
Ending age
Imperial Age
RankedLock teamsTeams togetherTeam positionsShared explorationLock speedFull tech treeHidden civsTurbo modeCheats
Victory
Defeat
🇺🇸 Khmer · United States
1041
+16
🇺🇸 Armenians · United States
1007
+17
🇦🇷 Japanese · Argentina
1056
-17
🇦🇷 Britons · Argentina
1026
-16
JacobWolfson
9:28 Loom
11:13 Feudal Age
14:43 Castle Age
13:36 Double-Bit Axe
15:11 Scale Barding Armor
15:51 Horse Collar
25:10 Scale Barding Armor
25:22 Forging
25:47 Bow Saw
25:55 Heavy Plow
26:49 Bloodlines
26:39 Husbandry
28:44 Gold Mining
33:10 Chain Barding Armor
33:38 Iron Casting
Jack_Beguiled
9:42 Feudal Age
7:59 Loom
12:16 Man-at-Arms
13:44 Scale Mail Armor
13:09 Long Swordsman
15:52 Arson
20:52 Horse Collar
21:08 Double-Bit Axe
23:30 Forging
32:46 Castle Age
31:27 Wheelbarrow
33:58 Two-Handed Swordsman
34:23 Gambesons
34:39 Squires
37:40 Champion
ThePurifier
0:27 Loom
9:24 Feudal Age
10:10 Double-Bit Axe
16:33 Fletching
23:51 Castle Age
22:07 Gold Mining
23:54 Wheelbarrow
24:06 Padded Archer Armor
23:56 Crossbowman
25:11 Bodkin Arrow
31:43 Padded Archer Armor
33:16 Ballistics
termineitor548
2:15 Loom
11:30 Feudal Age
12:45 Double-Bit Axe
14:50 Horse Collar
14:37 Man-at-Arms
16:33 Scale Mail Armor
25:13 Castle Age
25:22 Fletching
25:20 Long Swordsman
26:09 Gold Mining
30:19 Thumb Ring
29:37 Crossbowman
29:46 Pikeman
Connection lost

Rejoining the realm…

Still unreachable

The connection could not be restored.

Session expired

The server has moved on; the page needs a fresh start.